 Dungeon Crawl Stone Soup version 0.31-a0-229-g1fc7ce93e2 (webtiles) character file.

Game seed: 14841930571935697761

110 qw the Shooter (level 4, -1/36 HPs)
             Began as a Minotaur Hexslinger on July 6, 2023.
             Was an Initiate of Okawaru.
             Slain by Ijyb
             ... wielding a +5 spectral club
              (2 damage)
             ... on level 3 of the Dungeon.
             The game lasted 00:00:40 (1648 turns).

qw the Shooter (Minotaur Hexslinger)                Turns: 1648, Time: 00:00:40

Health: -1/36      AC: 11    Str: 12    XL:     4   Next: 61%
Magic:  4/4        EV: 12    Int: 10    God:    Okawaru [......]
Gold:   157        SH:  0    Dex: 15    Spells: 4/5 levels left

rFire   . . .        Y - +2 sling
rCold   . . .        (no shield)
rNeg    . . .        h - +2 leather armour {rPois}
rPois   +            (helmet restricted)
rElec   .            i - +1 cloak
rCorr   .            l - +2 pair of gloves
SInv    .            g - +0 pair of boots
Will    .....        (no amulet)
Stlth   +            (no ring)
HPRegen 0.26/turn    (no ring)
MPRegen 0.09/turn

%: no passive effects
@: no status effects
A: horns 2, retaliatory headbutt
a: Renounce Religion


You were on level 3 of the Dungeon.
You worshipped Okawaru.
Okawaru was noncommittal.
You visited 1 branch of the dungeon, and saw 3 of its levels.

You collected 157 gold pieces.


Innate Abilities, Weirdness & Mutations

You have a pair of horns on your head.
You reflexively headbutt those who attack you in melee.


   Skills:
 + Level 2.0 Fighting
 - Level 5.0 Ranged Weapons
 - Level 1.0 Armour
 - Level 2.1 Dodging
 - Level 1.0 Spellcasting
 - Level 2.0 Hexes


You had 4 spell levels left.
You knew the following spells:

 Your Spells              Type           Power      Damage    Failure   Level
a - Slow                  Hex            16%        N/A       19%         1

Your spell library contained the following spells:

 Spells                   Type           Power      Damage    Failure   Level
 Inner Flame              Hex/Fire       2%         N/A       65%         3
 Portal Projectile        Hex/Tloc       4%         N/A       65%         3
 Cause Fear               Hex            2%         N/A       88%         4

Inventory:

Hand Weapons
 Y - a +2 sling (weapon)
Armour
 g - a +0 pair of boots (worn)
 h - a +2 leather armour of poison resistance (worn)
 i - a +1 cloak (worn)
 l - a +2 pair of gloves (worn)
Scrolls
 k - a scroll of identify
Potions
 c - a potion of resistance
 e - a potion of magic {unknown}
 f - 2 potions of curing
 j - a potion of ambrosia {unknown}

Dungeon Overview and Level Annotations

Branches:
Dungeon (3/15)

Altars:
Cheibriados
Okawaru

Annotations:
D:3 Ijyb


Message History

The sling bullet closely misses the quokka.
The quokka bites you but does no damage.
You shoot a sling bullet. The sling bullet hits the quokka!
You kill the quokka!
Okawaru accepts your kill.
You see here a quokka corpse.
Ijyb the Twisted Goblin comes into view.
She is wielding a +5 spectral club and carrying a wand of roots (10).
Enter note:
Enter note: You shoot a sling bullet.
The sling bullet hits Ijyb.
Ijyb is lightly wounded.
You shoot a sling bullet.
The sling bullet completely misses Ijyb.
Ijyb barely misses you.
The +5 spectral club hits you but does no damage.
A +5 spectral club comes into view.
You shoot a sling bullet. The sling bullet closely misses Ijyb.
Ijyb zaps a wand.
The roots erupt in riotous growth!
The grasping roots grab you!
Ijyb is unaffected.
The grasping roots constrict you.
The +5 spectral club disappears.
Ijyb hits you with a +5 spectral club! The +5 spectral club hits you!
The grasping roots constrict you.
A +5 spectral club comes into view.
You shoot a sling bullet. The sling bullet barely misses Ijyb.
Ijyb closely misses you.
The +5 spectral club hits you but does no damage.
The grasping roots constrict you.
You shoot a sling bullet. The sling bullet barely misses Ijyb.
Ijyb hits you with a +5 spectral club. The +5 spectral club barely misses you.
The grasping roots constrict you.
The grasping roots release their grip on you.
You shoot a sling bullet.
The sling bullet hits Ijyb but does no damage.
Ijyb is lightly wounded.
Ijyb hits you with a +5 spectral club. The +5 spectral club hits you.
You shoot a sling bullet.
The sling bullet hits Ijyb but does no damage.
Ijyb is lightly wounded.
Ijyb hits you with a +5 spectral club.
You die...

###########
#####(......... #
#...g......# #.## #
#@....# #.######
#..##.# #.......
...###..##.##
##.######
........%....###.##
# ##.###...##.#....#
#...##.#..#.#
#.........#.#
#..###.#..#.###
...............#####


You could see a +5 spectral club and Ijyb.

Vanquished Creatures
  6 gnolls (D:2)
  An adder (D:3)
  2 worms
  A dart slug (D:1)
  3 endoplasms
  2 giant cockroaches
  4 goblins
  A hobgoblin (D:1)
  4 kobolds
  2 quokkas
  4 ball pythons
  3 bats
  3 frilled lizards (D:2)
  3 rats
39 creatures vanquished.

Notes
Turn   | Place    | Note
-------+----------+-------------------------------------------
     0 | D:1      | qw the Minotaur Hexslinger began the quest for the Orb.
     0 | D:1      | Reached XP level 1. HP: 16/16 MP: 1/1
     0 | D:1      | 0 ||| qw: Version: 0.3-a-46-gb1f654a
     0 | D:1      | 0 ||| qw: Game counter: 1655
     0 | D:1      | 0 ||| qw: Melee chars always use a shield: true
     0 | D:1      | 0 ||| qw: God list: Okawaru
     0 | D:1      | 0 ||| qw: Allow faded altars: false
     0 | D:1      | 0 ||| qw: Do Orc after clearing Dungeon:15 true
     0 | D:1      | 0 ||| qw: Do second Lair branch before Depths: true
     0 | D:1      | 0 ||| qw: Lair rune preference: random
     0 | D:1      | 0 ||| qw: Goals: Normal
     0 | D:1      | 0 ||| PLANNING D:1-11
   237 | D:1      | Reached skill level 3 in Ranged Weapons
   237 | D:1      | Reached XP level 2. HP: 23/23 MP: 2/2
   766 | D:1      | 766 ||| UPGRADING to +0 pair of boots.
   771 | D:1      | 771 ||| UPGRADING to +2 leather armour of poison
                  | resistance.
   781 | D:1      | 781 ||| DROPPING +0 robe.
   782 | D:1      | 782 ||| UPGRADING to +1 cloak.
   787 | D:1      | 787 ||| READING scroll labelled WEMONWETYE.
   788 | D:1      | 788 ||| READING scroll labelled TEIHOENGIL.
   789 | D:1      | 789 ||| DRINKING 2 white potions.
   790 | D:1      | 790 ||| DROPPING scroll of poison.
   839 | D:2      | Reached XP level 3. HP: 29/29 MP: 3/3
   882 | D:2      | Found a snail-covered altar of Cheibriados.
   888 | D:2      | Reached skill level 4 in Ranged Weapons
  1072 | D:2      | Found a faded altar of an unknown god.
  1084 | D:2      | Reached XP level 4. HP: 36/36 MP: 4/4
  1085 | D:2      | 1085 ||| UPGRADING to +2 pair of gloves.
  1096 | D:2      | Reached skill level 1 in Armour
  1357 | D:2      | 1357 ||| READING scroll labelled WUUSHAESI.
  1358 | D:2      | 1358 ||| READING scroll labelled DAIM GOPHO.
  1359 | D:2      | 1359 ||| READING scroll labelled LUUK ZUASILER.
  1360 | D:2      | 1360 ||| READING scroll labelled CECWETZUUKE.
  1361 | D:2      | 1361 ||| READING 2 scrolls of identify.
  1361 | D:2      | 1361 ||| IDENTIFYING fuming black potion
  1441 | D:3      | Found an iron altar of Okawaru.
  1442 | D:3      | 1442 ||| PLANNING OKAWARU WORSHIP
  1442 | D:3      | 1442 ||| READING scroll labelled GEZUSCH WEUKLAF.
  1443 | D:3      | 1443 ||| READING scroll labelled WIOFIT CI TOCE.
  1494 | D:3      | 1494 ||| READING 2 scrolls of identify.
  1494 | D:3      | 1494 ||| IDENTIFYING grey potion
  1495 | D:3      | 1495 ||| DROPPING potion of degeneration.
  1533 | D:3      | Reached skill level 5 in Ranged Weapons
  1533 | D:3      | Became a worshipper of Warmaster Okawaru
  1534 | D:3      | 1534 ||| PLANNING D:1-11
  1641 | D:3      | Noticed Ijyb
  1646 | D:3      | HP: 7/36 [constriction (4)]
  1647 | D:3      | HP: 1/36 [+5 spectral club[Ijyb] (6)]
  1648 | D:3      | Slain by Ijyb

Levels and vault maps discovered:
D:1:      lemuel_arrival_river_ford, layout_basic, minmay_pentomino_s2
D:2:      layout_rooms, basic_altar, nicolae_ecumenical_pavilion,
          dreamdust_mushroom_princess
D:3:      layout_loops_ring, nicolae_overflow_crystal_walls, uniq_ijyb,
          uniq_crazy_yiuf_cottage

Skill      XL: |  1  2  3  4 |
---------------+-------------+-----
Ranged Weapons | 3 4 5 |  5.0
Fighting       | 2 |  2.0
Armour         | 1 |  1.0
Dodging        | |  2.1
Spellcasting   | |  1.0
Hexes          | |  2.0

Action                     |  1- 3 |  4- 6 || total
---------------------------+-------+-------++-------
   Fire: Sling             |   105 |    46 ||   151
    Use: Scroll            |     2 |     8 ||    10
         Potion            |     1 |       ||     1
 Armour: Robe              |     1 |       ||     1
         Leather armour    |     2 |    12 ||    14
  Dodge: Dodged            |    17 |    16 ||    33

Table legend:
 A = Non-vault XP
 B = Vault XP
 C = Vault XP percentage of total XP
 D = Non-vault monster count
 E = Vault monster count
 F = Vault count percentage of total count
                 A         B        C        D         E       F
            +---------+---------+-------+---------+---------+-------
      Total |     155 |       3 |   1.9 |      37 |       2 |   5.1
            +---------+---------+-------+---------+---------+-------
        D:1 |      20 |       3 |  13.0 |      10 |       2 |  16.7
        D:2 |     112 |       0 |   0.0 |      22 |       0 |   0.0
        D:3 |      23 |       0 |   0.0 |       5 |       0 |   0.0
            +---------+---------+-------+---------+---------+-------
